 Dungeon Crawl Stone Soup version 0.20.1-1-g8b1a95d (webtiles) character file.

41 equalderp2856 the Magician (level 3, -4/14 HPs)
             Began as a Felid Wizard on Sept 29, 2017.
             Killed from afar by Baril's ghost (8 damage)
             ... with a magic dart
             ... on level 3 of the Dungeon.
             The game lasted 00:06:18 (3300 turns).

equalderp2856 the Magician (Felid Wizard)           Turns: 3300, Time: 00:06:18

Health: -4/14      AC:  1    Str:  3    XL:     3   Next: 32%
Magic:  1/9        EV: 18    Int: 20    God:
Gold:   198        SH:  0    Dex: 14    Spells: 9/10 levels left
                                        Lives:  0   Deaths: 1

rFire    . . .     SeeInvis +   (weapon unavailable)
rCold    . . .     Gourm    .   (shield unavailable)
rNeg     . . .     Faith    .   (armour unavailable)
rPois    .         Spirit   .   (helmet unavailable)
rElec    .         Reflect  .   (cloak unavailable)
rCorr    .         Harm     .   (gloves unavailable)
MR       .....                  (boots unavailable)
Stlth    +++.......             (no amulet)
Regen    0.1/turn               (no ring)
MPRegen  0.2/turn               (no ring)

@: lethally poisoned (-4 -> -9), quick
A: no armour, no weapons or thrown items, stealth, claws 1, fangs 3, see
invisible, carnivore 3, speed 1, shaggy fur 1, slow metabolism 1, sharp paws
a: no special abilities


You were on level 3 of the Dungeon.
You were not hungry.

You visited 1 branch of the dungeon, and saw 3 of its levels.

You collected 198 gold pieces.

Inventory:

Jewellery
 p - a +2 ring of strength {unknown}
Scrolls
 d - a scroll of enchant armour {unknown}
 e - a scroll of identify {unknown}
 g - a scroll of amnesia {unknown}
 m - a scroll of remove curse {unknown}
 n - a scroll of fog {unknown}
Potions
 c - 2 potions of brilliance {unknown}
 f - 2 potions of agility {unknown}
 h - a potion of lignification {unknown}
 i - 3 potions of curing {unknown}
 j - a potion of haste {unknown}
 k - a potion of mutation {unknown}
 l - 2 potions of magic {unknown}
 o - a potion of might {unknown}
Books
 a - a book of Minor Magic

   Spells                             Type                      Level
   a - Magic Dart                     Conjuration                  1
   b - Blink                          Translocation                2
   c - Call Imp                       Summoning                    2
   d - Slow                           Hexes                        2
   e - Conjure Flame                  Conjuration/Fire             3
   f - Mephitic Cloud                 Conjuration/Poison/Air       3
Comestibles
 b - a meat ration


   Skills:
 + Level 3.1 Dodging
 + Level 2.9 Stealth
 + Level 4.1 Spellcasting
 + Level 2.1 Conjurations
   Level 1.0 Summonings
   Level 1.5 Translocations


You had 9 spell levels left.
You knew the following spells:

 Your Spells              Type           Power        Failure   Level  Hunger
a - Magic Dart            Conj           ##..         5%          1    None


Dungeon Overview and Level Annotations

Branches:
Dungeon (3/15)

Altars:
Trog

Annotations:
D:3 Baril's ghost, amateur DECj


Innate Abilities, Weirdness & Mutations

You cannot wear armour.
You are incapable of wielding weapons or throwing items.
Your paws allow you to move quietly. (Stealth)
You have sharp claws.
You have razor-sharp teeth.
You have supernaturally acute eyesight. (SInv)
You are carnivorous and can eat meat at any time.
You cover ground quickly.
You are covered in fur. (AC +1)
You have a slow metabolism.
Your sharp claws are effective at attacking unaware monsters.


Message History

Confirm with . or Enter, or press ? or * to list all spells.
Aiming: Magic Dart
Press: ? - help, Shift-Dir - straight line, f/p - Baril's ghost
Aim: Baril's ghost The magic dart hits Baril's ghost.
You feel sick.
Baril's ghost points at you and mumbles some strange words.
The magic dart hits you!
Ouch! That really hurt!
* * * LOW HITPOINT WARNING * * *
Casting: Magic Dart
Confirm with . or Enter, or press ? or * to list all spells.
Aiming: Magic Dart
Press: ? - help, Shift-Dir - straight line, f/p - Baril's ghost
Aim: Baril's ghost The magic dart hits Baril's ghost.
Baril's ghost is lightly damaged.
Baril's ghost points at you and mumbles some strange words.
The magic dart hits you!
Ouch! That really hurt!
You die...

#.. #...... #(# #Wr.... ###
..##.##<†##.. #.. .........#
## #.# .####.##.#### #.# ##.
#..... #.# .)## ####..
###.###W...##.####...
#.#†#####...@..†_.†.......†#.
.........#.(##....###.####...
#.#.#####.#.# ..## ##.# ###.#
.# #.# #.# # ##.# #.. #...
... #... ##.# # #...
#.####...


You could see Baril's ghost.

Vanquished Creatures
  2 adders
  An ooze (D:1)
  2 worms
  2 dart slugs
  3 leopard geckos
  4 bats
  2 giant cockroaches (D:3)
  8 goblins
  6 hobgoblins
  2 jackals (D:1)
  A quokka (D:3)
  A ball python (D:2)
  5 frilled lizards
  6 kobolds
  8 rats
53 creatures vanquished.

Notes
Turn   | Place    | Note
-------+----------+-------------------------------------------
     0 | D:1      | equalderp2856 the Felid Wizard began the quest for the Orb.
     0 | D:1      | Reached XP level 1. HP: 7/7 MP: 5/5
    89 | D:1      | Reached skill level 1 in Conjurations
   392 | D:1      | Reached XP level 2. HP: 11/11 MP: 1/7
  1432 | D:1      | Reached XP level 3. HP: 14/14 MP: 6/9
  2379 | D:2      | Reached skill level 4 in Spellcasting
  2891 | D:3      | Reached XP level 4. HP: 18/18 MP: 3/11
  3057 | D:3      | Found a faded altar of an unknown god.
  3272 | D:3      | Noticed Baril's ghost (amateur DECj)
  3284 | D:3      | Slain by a quokka
  3285 | D:3      | Reached XP level 3. HP: 0/14 MP: 2/9
  3289 | D:3      | Found a bloodstained altar of Trog.
  3300 | D:3      | Killed from afar by Baril's ghost

Skill      XL: |  1  2  3 |
---------------+----------+-----
Conjurations   | 1 2 |  2.1
Dodging        | 3 |  3.1
Spellcasting   | 4 |  4.1
Stealth        | |  2.9
Summonings     | |  1.0
Translocations | |  1.5

Action                   |  1- 3 |  4- 6 || total
-------------------------+-------+-------++-------
Melee: Unarmed           |     3 |       ||     3
 Cast: Magic Dart        |   141 |    27 ||   168
  Eat: Chunk             |     8 |       ||     8
Armor: Skin              |     1 |       ||     1
Dodge: Dodged            |    16 |    13 ||    29
